 Dungeon Crawl Stone Soup version 0.30-b1-2-g02819fbbbe (webtiles) character file.

Game seed: 13924606492623422714

2837 night the Grappler (level 9, -1/80 HPs)
             Began as a Troll Fighter on May 15, 2023.
             Was a Believer of Fedhas.
             Slain by a troll (15 damage)
             ... on level 8 of the Dungeon.
             The game lasted 00:11:43 (5678 turns).

night the Grappler (Troll Fighter)                  Turns: 5678, Time: 00:11:44

Health: -1/80      AC:  6    Str: 30    XL:     9   Next: 45%
Magic:  8/11       EV:  9    Int:  4    God:    Fedhas [**....]
Gold:   406        SH:  9    Dex:  9    Spells: 8/8 levels left

rFire   . .          .
                       - Unarmed
rCold   . . .        b - +0 kite shield
rNeg    + + .        N - +2 robe {rN+}
rPois   +            (helmet restricted)
rElec   .            (no cloak)
rCorr   .            (gloves unavailable)
SInv    .            (boots unavailable)
Will    .....        g - amulet of regeneration
Stlth   +            j - ring of positive energy
HPRegen 1.93/turn    m - ring of poison resistance
MPRegen 0.12/turn

%: no passive effects
@: no status effects
A: large, unfitting armour, claws 3, regeneration 1, shaggy fur 1, tough skin 1
a: Renounce Religion, Wall of Briars


You were on level 8 of the Dungeon.
You worshipped Fedhas.
Fedhas was pleased with you.
You visited 1 branch of the dungeon, and saw 9 of its levels.

You collected 430 gold pieces.
You spent 24 gold pieces at shops.

Inventory:

Missiles
 p - 3 atropa-tipped darts (quivered)
 r - 2 boomerangs
 s - 29 poisoned darts
 t - 95 stones
 u - 9 large rocks
Armour
 a - a +0 robe
 b - a +0 kite shield (worn)
 N - a +2 robe of positive energy (worn)
Jewellery
 g - an amulet of regeneration (around neck)
 j - a ring of positive energy (left claw)
 m - a ring of poison resistance (right claw)
 n - a ring of wizardry
 C - a +6 ring of dexterity
 G - a ring of flight
 I - the ring of Quwn {rPois rF- Str+8 Int+5 SInv}
   (You found it on level 6 of the Dungeon)

   [ring of see invisible]

   Str:       It affects your strength (+8).
   Int:       It affects your intelligence (+5).
   rF:        It makes you vulnerable to fire.
   rPois:     It protects you from poison.
   SInv:      It lets you see invisible.
Wands
 y - a wand of quicksilver (7)
 z - a wand of iceblast (7)
 E - a wand of flame (15)
 H - a wand of paralysis (8)
 L - a wand of polymorph (2)
Scrolls
 d - 2 scrolls of amnesia
 e - 3 scrolls of enchant armour
 h - 2 scrolls of torment
 k - a scroll of brand weapon {unknown}
 l - 3 scrolls of teleportation
 o - 2 scrolls of enchant weapon
 w - 2 scrolls of magic mapping
 D - 2 scrolls of blinking
 F - 2 scrolls of poison
 K - a scroll of vulnerability
 M - a scroll of fog
Potions
 c - 3 potions of might
 f - 5 potions of haste
 i - a potion of mutation {unknown}
 q - a potion of degeneration {unknown}
 v - 3 potions of brilliance
 x - 2 potions of curing
 A - a potion of ambrosia {unknown}
 B - 3 potions of lignification {unknown}
 J - 2 potions of heal wounds {unknown}


   Skills:
 - Level 2.4 Fighting
 - Level 2.4 Dodging
 + Level 6.7 Shields
 * Level 9.8 Unarmed Combat
 + Level 5.2 Invocations


You had 8 spell levels left.
You didn't know any spells.
Your spell library contained the following spells:

 Spells                   Type           Power      Damage    Failure   Level
 Freeze                   Ice            0%         1d3       69%         1
 Summon Small Mammal      Summ           0%         N/A       69%         1
 Ensorcelled Hibernation  Hex/Ice        0%         N/A       83%         2
 Call Canine Familiar     Summ           0%         N/A       96%         3
 Frozen Ramparts          Ice            0%         1d1       96%         3
 Hailstorm                Conj/Ice       0%         3d3       96%         3
 Spider Form              Tmut/Pois      0%         N/A       96%         3
 Summon Guardian Golem    Hex/Summ       0%         N/A       96%         3
 Anguish                  Hex/Necr       0%         N/A       100%        4
 Animate Armour           Summ/Erth      0%         N/A       100%        4
 Ice Form                 Ice/Tmut       0%         N/A       100%        4
 Alistair's Intoxication  Tmut/Pois      0%         N/A       100%        5
 Blade Hands              Tmut           0%         N/A       100%        5
 Borgnjor's Vile Clutch   Necr/Erth      0%         N/A       100%        5
 Eringya's Noxious Bog    Tmut/Pois      0%         N/A       100%        6
 Iron Shot                Conj/Erth      0%         9d1       100%        6
 Simulacrum               Ice/Necr       0%         N/A       100%        6


Dungeon Overview and Level Annotations

Branches:
Dungeon (9/15)             Temple (0/1) D:7
   Lair: D:8-11         Orc: D:9-12

Altars:
Fedhas
Uskayaw
Wu Jian
Xom
Yredelemnul
Zin

Shops:
D:2 *

Annotations:
D:6 1 runed translucent door, Raspi's ghost, novice KoBr
D:7 2 transporters, kSektR's ghost, novice MiFi


Innate Abilities, Weirdness & Mutations

You are too large for most types of armour.
You have claws for hands.
Your natural rate of healing is unusually fast.
You are covered in fur. (AC +1)
You have tough skin. (AC +1)


Message History

There is a stone staircase leading up here.
You block the troll's attack. x2; The troll claws you.
You block the troll's attack. The troll claws you.
The troll closely misses you.
You climb upwards.
There is a stone staircase leading down here.
Okay, then.
The troll barely misses you. You block the troll's attack. The troll claws you!
The troll bites you but does no damage. The troll barely misses you.
The troll claws you but does no damage.
A briar patch grows up from the ground. x5
The troll bites you but does no damage. The troll barely misses you.
You block the troll's attack. The troll bites you!
* * * LOW HITPOINT WARNING * * *
You block the troll's attack. The troll claws you but does no damage.
You walk carefully through the plants.
The troll bites your briar patch! The troll claws your briar patch.
The troll claws your briar patch!
You mangle the troll!!
The troll is severely wounded.
You block the troll's attack. x2; The troll claws you.
* * * LOW HITPOINT WARNING * * *
The troll is struck by your briar patch's thorns.
The troll bites your briar patch.
Your briar patch is destroyed!
Your briar patch disappears in a puff of smoke!
You barely miss the troll.
The troll is severely wounded.
The troll closely misses you. You block the troll's attack.
The troll barely misses you.
You closely miss the troll.
The troll is severely wounded.
The troll bites you!
* * * LOW HITPOINT WARNING * * *
You block the troll's attack. x2; The troll bites your briar patch.
The troll claws your briar patch! The troll claws your briar patch.
Your briar patch is destroyed!
Your briar patch disappears in a puff of smoke!
It was a potion of curing.
You feel better. The troll bites you!
You die...
Fedhas appreciates your contribution to the ecosystem.

#.........# #.#######.# #.#
#.# #.# #.# ######
#.#######.# ###.....
#.#....##.#######.......
#.#..§.T..............##
#.#....T#.#####.##....##
#...[§P@P.###.#.#.......
#....##.........#.......
#..[.########.#.#.......
#..).# #####.#.........
#####.[..####<...<..........
#.^......).######.###..###..
#.......##.######.###..###..
#.......##...).....###..####
#####.#..#.######..#.#..####


You could see 2 trolls.

Vanquished Creatures
  Psyche (D:8)
  2 steam dragons (D:7)
  A sky beast (D:6)
  2 ice beasts (D:7)
  3 ogres
  4 centaurs
  2 phantoms (D:5)
  3 bullfrogs
  2 scorpions (D:5)
  4 wights (D:8)
  2 howler monkeys
  5 hounds
  2 jellies
  3 iguanas
  7 orc wizards
  8 gnolls (D:5)
  9 adders
  A white imp (D:7)
  An ufetubus (D:5)
  3 worms
  A dart slug (D:5)
  18 orcs
  6 ball pythons
  6 bats
  4 giant cockroaches
  10 hobgoblins
  14 jackals
  8 kobolds
  3 quokkas
  A frilled lizard (D:3)
  7 goblins
  3 rats
146 creatures vanquished.

Vanquished Creatures (others)
  2 sleepcaps (D:5)
  A shadow imp (D:5)
  An orc (D:5)
  6 fungi (D:3)
  22 plants (D:3)
  2 withered plants (D:6)
34 creatures vanquished.

Grand Total: 180 creatures vanquished

Notes
Turn   | Place    | Note
-------+----------+-------------------------------------------
     0 | D:1      | night the Troll Fighter began the quest for the Orb.
     0 | D:1      | Reached XP level 1. HP: 22/22 MP: 0/0
   265 | D:1      | Reached XP level 2. HP: 28/29 MP: 1/1
   591 | D:1      | Reached skill level 3 in Unarmed Combat
   878 | D:2      | Reached XP level 3. HP: 36/36 MP: 2/2
  1031 | D:2      | Reached XP level 4. HP: 44/44 MP: 3/3
  1079 | D:2      | Found Zocra's General Store.
  1082 | D:2      | Noticed an ogre
  1092 | D:2      | Killed an ogre
  1093 | D:2      | Reached skill level 4 in Unarmed Combat
  1093 | D:2      | Reached XP level 5. HP: 28/50 MP: 4/4
  1106 | D:2      | Bought a scroll of identify for 24 gold pieces
  1483 | D:3      | Found a glowing silver altar of Zin.
  1507 | D:3      | Found a shimmering altar of Xom.
  1790 | D:3      | Found a blossoming altar of Fedhas.
  1808 | D:3      | Became a worshipper of Fedhas Madash
  2077 | D:4      | Reached skill level 5 in Unarmed Combat
  2193 | D:4      | Found a hide-covered altar of Uskayaw.
  2214 | D:4      | Reached XP level 6. HP: 59/59 MP: 5/5
  2776 | D:5      | Entered Level 5 of the Dungeon
  2783 | D:5      | Reached skill level 1 in Invocations
  2838 | D:5      | Reached skill level 6 in Unarmed Combat
  2838 | D:5      | Reached XP level 7. HP: 43/66 MP: 7/7
  2953 | D:5      | Reached * piety under Fedhas
  3136 | D:5      | Reached skill level 5 in Shields
  3161 | D:5      | Reached skill level 7 in Unarmed Combat
  3323 | D:5      | Reached XP level 8. HP: 74/74 MP: 9/9
  3772 | D:6      | Found a runed translucent door.
  3773 | D:6      | Noticed Raspi's ghost (novice KoBr)
  3897 | D:6      | Identified the ring of Quwn {rPois rF- Str+8 Int+5 SInv}
  3967 | D:6      | Found an ornate altar of the Wu Jian Council.
  4133 | D:6      | Reached ** piety under Fedhas
  4503 | D:7      | Found a staircase to the Ecumenical Temple.
  4535 | D:7      | Reached skill level 8 in Unarmed Combat
  4633 | D:7      | Found a transporter.
  4672 | D:7      | Found a transporter.
  4672 | D:7      | Noticed kSektR's ghost (novice MiFi)
  4675 | D:7      | Noticed a slime creature
  4802 | D:7      | Reached XP level 9. HP: 59/80 MP: 11/11
  4981 | D:8      | Reached skill level 9 in Unarmed Combat
  5185 | D:8      | Found a basalt altar of Yredelemnul.
  5493 | D:8      | Noticed Psyche
  5503 | D:8      | Killed Psyche
  5504 | D:8      | Reached skill level 5 in Invocations
  5655 | D:9      | Noticed a troll
  5661 | D:9      | Noticed a troll
  5677 | D:8      | HP: 4/80 [troll (12)]
  5678 | D:8      | Slain by a troll

Illustrated notes

Levels and vault maps discovered:
D:1:      dpeg_arrival_round_c, layout_basic
D:2:      cheibrodos_helix_gallery, layout_basic, serial_shops, shop,
          chequers_serial_rivers_marsh
D:3:      layout_basic, zin_academy, mainiacjoe_overflow_concentric_impassable,
          fedhas_altar_3, minmay_hedge_maze, amcnicky_mini_pool_small,
          serial_bayou_lagoon_a
D:4:      kennysheep_big_flooded_room, layout_loops_corners,
          nicolae_uskayaw_dance_hall
D:5:      layout_basic, grunt_decor_junction, st_stairs_10,
          kennysheep_nondescript, hangedman_decor_peaks_small,
          minmay_starry_boxes
D:6:      corexii_shack_village, layout_gridville, nzn_wu_jian_contemplation,
          portal_sewer_entry_e, gammafunk_ghost_grave
D:7:      layout_cave_pools, minmay_temple_entry_tees, gammafunk_ghost_arena
D:8:      layout_basic, mainiacjoe_overflow_catwalk,
          nicolae_concentric_dashed_squares_mild, kennysheep_generic_room_14,
          uniq_psyche
D:9:      layout_cave_pools, nicolae_overflow_squiral

Skill      XL: |  1  2  3  4  5  6  7  8  9 |
---------------+----------------------------+-----
Shields        | 3 4 5 6 |  6.7
Unarmed Combat | 3 4 5 6 7 8 9 |  9.8
Invocations    | 1 3 4 5 |  5.2
Fighting       | |  2.4
Dodging        | |  2.4

Action                     |  1- 3 |  4- 6 |  7- 9 || total
---------------------------+-------+-------+-------++-------
  Melee: Unarmed           |   112 |   119 |   248 ||   479
 Invoke: Wall of Briars    |       |       |     1 ||     1
  Evoke: Wand              |       |       |     1 ||     1
    Use: Scroll            |       |     2 |    13 ||    15
         Potion            |       |       |     1 ||     1
 Armour: Robe              |    37 |    26 |    49 ||   112
  Dodge: Dodged            |    34 |    32 |    99 ||   165
  Block: Kite shield       |    40 |    32 |   114 ||   186
